HSSL
INDIANAPOLIS HS CHAOS @ MARIS SCHOOL
04/07/2026
 
TOP OF THE 1ST
Indianapolis HS Chaos batting - Pitching for Maris School : RHP Nick Rogers
Pitching: RHP Nick Rogers
Batting: SHB Mark Hendree 0-0: Called Strike
0-1: Foul Ball, location: 2F
0-2: Foul Ball, location: 2F
0-2: Ball
1-2: Foul Ball, location: 2F
1-2: Ball
2-2: Foul Ball, location: 2F
2-2: Foul Ball, location: 2F
2-2: Fly out, F8 (Flyball, 8RM)
Batting: RHB Johnny Becker 0-0: Ball
1-0: Foul Ball, location: 2F
1-1: Ball
2-1: Called Strike
2-2: Ball
3-2: Foul Ball, location: 2F
3-2: Foul Ball, location: 2F
3-2: SINGLE (Flyball, 7S)
Batting: LHB Ben Donaldson 0-0: Called Strike
0-1: Ball
1-1: Called Strike
1-2: Ball
2-2: Ball
3-2: Foul Ball, location: 2F
3-2: Base on Balls
Johnny Becker to second
Batting: RHB Curt David 0-0: Ball
1-0: Ball
2-0: Ball
3-0: Base on Balls
Johnny Becker to third
Ben Donaldson to second
Batting: RHB Robert Blanchard 0-0: DOUBLE (Line Drive, 7LD)
Johnny Becker scores
Ben Donaldson scores
Curt David to third
Runner from 3rd tries for Home, throw and OUT!
Batting: RHB Patrice Charette 0-0: Fly out, F8 (Flyball, 78XD)
Top of the 1st over - 2 run(s), 2 hit(s), 0 error(s), 1 left on base; Indianapolis HS 2 - Maris School 0
BOTTOM OF THE 1ST
Maris School batting - Pitching for Indianapolis HS Chaos : RHP Kevin García
Pitching: RHP Kevin García
Batting: LHB Ryan Martin 0-0: Called Strike
0-1: Foul Ball, location: 2F
0-2: Ground out 4-3 (Groundball, 4M)
Batting: RHB Doug Carter 0-0: Called Strike
0-1: Ball
1-1: Ball
2-1: Ground out 1-3 (Groundball, 15)
Batting: RHB Dan Duckworth 0-0: Ball
1-0: Called Strike
1-1: Foul Ball, location: 2F
1-2: Ball
2-2: Strikes out swinging
Bottom of the 1st over - 0 run(s), 0 hit(s), 0 error(s), 0 left on base; Indianapolis HS 2 - Maris School 0
TOP OF THE 2ND
Indianapolis HS Chaos batting - Pitching for Maris School : RHP Nick Rogers
Batting: RHB Martin Hardy 0-0: Called Strike
0-1: Ball
1-1: SINGLE (Flyball, 78M)
Batting: RHB Zander von Strantz 0-0: Foul Ball, location: 2F
0-1: Swinging Strike
0-2: Strikes out looking
Batting: LHB Kyle Robbins 0-0: Ball
1-0: Fielders Choice at 2nd, 6-4 (Groundball, 6M)
Batting: SHB Mark Hendree 0-0: Ball
1-0: Called Strike
1-1: Ball
2-1: Foul Ball, location: 2F
2-2: Ground out 4-3 (Groundball, 4)
Top of the 2nd over - 0 run(s), 1 hit(s), 0 error(s), 1 left on base; Indianapolis HS 2 - Maris School 0
BOTTOM OF THE 2ND
Maris School batting - Pitching for Indianapolis HS Chaos : RHP Kevin García
Batting: RHB John Scammell 0-0: Ball
1-0: Foul Ball, location: 2F
1-1: Fly out, F9 (Flyball, 9LM)
Batting: RHB Dave McGuire 0-0: Ball
1-0: Called Strike
1-1: Swinging Strike
1-2: Ball
2-2: Ball
3-2: Base on Balls
Batting: RHB Bruce Adams 0-0: SINGLE (Line Drive, 89S)
Dave McGuire to second
Batting: RHB Zane Heath 0-0: Ball
1-0: Called Strike
1-1: Ball
2-1: Foul Ball, location: 2F
2-2: 3-RUN HOME RUN (Flyball, 78XD), Distance : 423 ft
Batting: LHB Dustin Wesman 0-0: Ball
1-0: Ball
2-0: Ground out U3 (Groundball, 3L)
Batting: RHB Ed Jackson 0-0: Called Strike
0-1: Bunt for hit - play at first, batter safe!
Batting: LHB Ryan Martin 0-0: Ball
1-0: Foul Ball, location: 2F
1-1: Ball
2-1: Fly out, F8 (Flyball, 8LM)
Bottom of the 2nd over - 3 run(s), 3 hit(s), 0 error(s), 1 left on base; Indianapolis HS 2 - Maris School 3
TOP OF THE 3RD
Indianapolis HS Chaos batting - Pitching for Maris School : RHP Nick Rogers
Batting: RHB Johnny Becker 0-0: Called Strike
0-1: Ball
1-1: Swinging Strike
1-2: SINGLE (Groundball, 25) (infield hit)
Batting: LHB Ben Donaldson 0-0: Ball
1-0: Ball
2-0: Ball
Wild Pitch!
Johnny Becker to second
3-0: Called Strike
3-1: Base on Balls
Batting: RHB Curt David 0-0: Foul Ball, location: 2F
0-1: Foul Ball, location: 2F
0-2: Reached on error, E6 (Groundball, 6M)
Johnny Becker to third
Ben Donaldson to second
Batting: RHB Robert Blanchard 0-0: Ball
1-0: Foul Ball, location: 2F
1-1: Swinging Strike
1-2: Strikes out swinging
Batting: RHB Patrice Charette 0-0: Ball
1-0: Ground out 5-3 (Groundball, 5S)
Johnny Becker scores
Ben Donaldson to third
Curt David to second
Batting: RHB Martin Hardy 0-0: Fly out, F9 (Flyball, 9S)
Top of the 3rd over - 1 run(s), 1 hit(s), 1 error(s), 2 left on base; Indianapolis HS 3 - Maris School 3
BOTTOM OF THE 3RD
Maris School batting - Pitching for Indianapolis HS Chaos : RHP Kevin García
Batting: RHB Doug Carter 0-0: Called Strike
0-1: Foul Ball, location: 2F
0-2: Ball
1-2: Foul Ball, location: 2F
1-2: Ball
2-2: Foul Ball, location: 2F
2-2: Foul Ball, location: 2F
2-2: Ball
3-2: Base on Balls
Batting: RHB Dan Duckworth Pickoff Throw to First - Out!
0-0: Ball
1-0: Ball
2-0: Called Strike
2-1: DOUBLE (Flyball, 9LS)
Batting: RHB John Scammell 0-0: Ball
1-0: Called Strike
1-1: Swinging Strike
1-2: Strikes out looking
Batting: RHB Dave McGuire 0-0: Foul Ball, location: 2F
0-1: Foul Ball, location: 2F
0-2: Ball
1-2: Fly out, F4 (Line Drive, 4M)
Bottom of the 3rd over - 0 run(s), 1 hit(s), 0 error(s), 1 left on base; Indianapolis HS 3 - Maris School 3
TOP OF THE 4TH
Indianapolis HS Chaos batting - Pitching for Maris School : RHP Nick Rogers
Batting: RHB Zander von Strantz 0-0: Ball
1-0: Foul Ball, location: 2F
1-1: Ground out 5-3 (Groundball, 5S)
Batting: LHB Kyle Robbins 0-0: Ball
1-0: Ball
2-0: Ball
3-0: Called Strike
3-1: Base on Balls
Batting: SHB Mark Hendree 0-0: Ball
Kyle Robbins is caught stealing 2nd base
1-0: Fly out, F7 (Flyball, 7S)
Top of the 4th over - 0 run(s), 0 hit(s), 0 error(s), 0 left on base; Indianapolis HS 3 - Maris School 3
BOTTOM OF THE 4TH
Maris School batting - Pitching for Indianapolis HS Chaos : RHP Kevin García
Batting: RHB Bruce Adams 0-0: Ball
1-0: Foul Ball, location: 2F
1-1: Fly out, F9 (Line Drive, 9M)
Batting: RHB Zane Heath 0-0: Fly out, F9 (Flyball, 9M)
Batting: LHB Dustin Wesman 0-0: Ball
1-0: Swinging Strike
1-1: Fly out, F8 (Popup, 6D)
Bottom of the 4th over - 0 run(s), 0 hit(s), 0 error(s), 0 left on base; Indianapolis HS 3 - Maris School 3
TOP OF THE 5TH
Indianapolis HS Chaos batting - Pitching for Maris School : RHP Nick Rogers
Batting: RHB Johnny Becker 0-0: Ball
1-0: Swinging Strike
1-1: Foul Ball, location: 2F
1-2: Ball
2-2: Strikes out swinging
Batting: LHB Ben Donaldson 0-0: SINGLE (Flyball, 89M)
Batting: RHB Curt David 0-0: Ball
1-0: Ball
2-0: SINGLE (Groundball, 2L) (infield hit)
Ben Donaldson to second
Pitching: RHP Mike Morgan
Batting: RHB Robert Blanchard 0-0: Ball
1-0: Called Strike
1-1: Ball
2-1: Swinging Strike
2-2: DOUBLE (Flyball, 8RM)
Ben Donaldson scores
Curt David to third
Batting: RHB Patrice Charette 0-0: Foul Ball, location: 2F
0-1: Called Strike
0-2: Ball
Wild Pitch!
Curt David scores
Robert Blanchard to third
1-2: Strikes out swinging
Batting: RHB Martin Hardy Single, Error in OF, E7, batter to second base
Robert Blanchard scores
Batting: RHB Zander von Strantz 0-0: Ball
1-0: Fly out, F8 (Flyball, 8LM)
Top of the 5th over - 3 run(s), 4 hit(s), 1 error(s), 1 left on base; Indianapolis HS 6 - Maris School 3
BOTTOM OF THE 5TH
Maris School batting - Pitching for Indianapolis HS Chaos : RHP Kevin García
Batting: RHB Ed Jackson 0-0: Called Strike
0-1: Fly out, F9 (Flyball, 89M)
Batting: LHB Ryan Martin 0-0: Ball
1-0: Foul Ball, location: 2F
1-1: Foul Ball, location: 2F
1-2: Ball
2-2: SINGLE (Groundball, 34D)
Batting: RHB Doug Carter 0-0: Ball
1-0: Ball
2-0: Ball
3-0: Base on Balls
Ryan Martin to second
Batting: RHB Dan Duckworth 0-0: Fielders Choice at 3rd, U5 (Groundball, 5L)
Doug Carter to second
Batting: RHB John Scammell 0-0: Ball
1-0: Ball
2-0: Foul Ball, location: 2F
2-1: Swinging Strike
2-2: 3-RUN HOME RUN (Flyball, 7D), Distance : 391 ft
Batting: RHB Dave McGuire 0-0: Ball
1-0: Fly out, F9 (Popup, 4D)
Bottom of the 5th over - 3 run(s), 2 hit(s), 0 error(s), 0 left on base; Indianapolis HS 6 - Maris School 6
TOP OF THE 6TH
Indianapolis HS Chaos batting - Pitching for Maris School : RHP Mike Morgan
Batting: LHB Kyle Robbins 0-0: Ball
1-0: Foul Ball, location: 2F
1-1: Ball
2-1: Foul Ball, location: 2F
2-2: Ball
3-2: Strikes out swinging
Batting: SHB Mark Hendree 0-0: Ground out 4-3 (Groundball, 4M)
Batting: RHB Johnny Becker 0-0: Ball
1-0: Foul Ball, location: 2F
1-1: Called Strike
1-2: Foul Ball, location: 2F
1-2: Ball
2-2: Ball
3-2: Strikes out swinging
Top of the 6th over - 0 run(s), 0 hit(s), 0 error(s), 0 left on base; Indianapolis HS 6 - Maris School 6
BOTTOM OF THE 6TH
Maris School batting - Pitching for Indianapolis HS Chaos : RHP Kevin García
Pitching: RHP Carl Pearson
Batting: RHB Bruce Adams 0-0: Ground out 6-3 (Groundball, 6)
Batting: RHB Zane Heath 0-0: Swinging Strike
0-1: Ball
1-1: Ground out 6-3 (Groundball, 6)
Batting: LHB Dustin Wesman 0-0: Ball
1-0: Called Strike
1-1: Fly out, F4 (Popup, 4)
Bottom of the 6th over - 0 run(s), 0 hit(s), 0 error(s), 0 left on base; Indianapolis HS 6 - Maris School 6
TOP OF THE 7TH
Indianapolis HS Chaos batting - Pitching for Maris School : RHP Mike Morgan
Batting: LHB Ben Donaldson 0-0: Swinging Strike
0-1: Called Strike
0-2: Ball
1-2: Ball
2-2: Foul Ball, location: 2F
2-2: Fly out, F8 (Flyball, 8RM)
Pitching: RHP Alonso Dupree
Batting: RHB Curt David 0-0: Swinging Strike
0-1: DOUBLE (Groundball, 5L)
Batting: RHB Robert Blanchard 0-0: Intentional Walk
Batting: RHB Patrice Charette 0-0: Called Strike
0-1: Swinging Strike
0-2: Ball
1-2: Ball
2-2: Foul Ball, location: 2F
2-2: Fly out, F7 (Flyball, 7M)
Batting: RHB Martin Hardy 0-0: Ball
1-0: Called Strike
1-1: SINGLE (Line Drive, 9S)
Curt David to third
Robert Blanchard to second
Runner from 3rd tries for Home, SAFE, no throw or cutoff
Batting: RHB Zander von Strantz 0-0: Called Strike
0-1: Ball
1-1: Fly out, F3 (Popup, 3F)
Top of the 7th over - 1 run(s), 2 hit(s), 0 error(s), 2 left on base; Indianapolis HS 7 - Maris School 6
BOTTOM OF THE 7TH
Maris School batting - Pitching for Indianapolis HS Chaos : RHP Carl Pearson
Batting: RHB Ed Jackson 0-0: Ball
1-0: Foul Ball, location: 2F
1-1: Ball
2-1: Foul Ball, location: 2F
2-2: Foul Ball, location: 2F
2-2: Foul Ball, location: 2F
2-2: Ball
3-2: Base on Balls
Batting: LHB Ryan Martin 0-0: Sac Bunt - play at first, batter safe!
Ed Jackson to second
Batting: RHB Doug Carter 0-0: Swinging Strike
0-1: Ball
1-1: Called Strike
1-2: Strikes out swinging
Batting: RHB Dan Duckworth 0-0: Called Strike
0-1: Called Strike
0-2: Fly out, F7 (Flyball, 7M)
Batting: RHB John Scammell 0-0: Ball
1-0: Called Strike
1-1: Foul Ball, location: 2F
1-2: Strikes out swinging
Bottom of the 7th over - 0 run(s), 1 hit(s), 0 error(s), 2 left on base; Indianapolis HS 7 - Maris School 6
TOP OF THE 8TH
Indianapolis HS Chaos batting - Pitching for Maris School : RHP Alonso Dupree
Batting: LHB Kyle Robbins 0-0: Called Strike
0-1: Ground out 4-3 (Groundball, 4)
Batting: SHB Mark Hendree 0-0: SINGLE (Groundball, 6)
Batting: RHB Johnny Becker 0-0: Ball
1-0: Fielders Choice at 2nd, 4-6 (Groundball, 34)
Batting: LHB Ben Donaldson 0-0: Ball
Johnny Becker steals 2nd base
1-0: Ball
2-0: Ball
3-0: Base on Balls
Batting: RHB Curt David 0-0: Ball
1-0: Ball
2-0: Ball
3-0: Called Strike
3-1: Base on Balls
Johnny Becker to third
Ben Donaldson to second
Batting: RHB Robert Blanchard 0-0: SINGLE (Line Drive, 34)
Johnny Becker scores
Ben Donaldson to third
Curt David to second
Pitching: RHP Gabriel Mills
Batting: RHB Patrice Charette 0-0: Hit by Pitch
Ben Donaldson scores
Curt David to third
Robert Blanchard to second
Batting: RHB Martin Hardy 0-0: Foul Ball, location: 2F
0-1: Ball
1-1: Ball
2-1: Called Strike
2-2: Foul Ball, location: 2F
2-2: Foul Ball, location: 2F
2-2: Ball
3-2: Foul Ball, location: 2F
3-2: Base on Balls
Curt David scores
Robert Blanchard to third
Patrice Charette to second
Batting: RHB Zander von Strantz 0-0: Ball
1-0: Called Strike
1-1: Ball
2-1: Hit by Pitch
Robert Blanchard scores
Patrice Charette to third
Martin Hardy to second
Batting: LHB Kyle Robbins 0-0: Ball
1-0: Ball
2-0: Called Strike
2-1: SINGLE (Line Drive, 89S)
Patrice Charette scores
Martin Hardy to third
Zander von Strantz to second
Batting: SHB Mark Hendree 0-0: Called Strike
0-1: Ball
1-1: SINGLE (Groundball, 3L)
Martin Hardy scores
Zander von Strantz to third
Kyle Robbins to second
Runner from 3rd tries for Home, SAFE, no throw or cutoff
Batting: RHB Johnny Becker 0-0: Called Strike
0-1: Ball
1-1: Ball
2-1: Ball
3-1: Foul Ball, location: 2F
3-2: Strikes out looking
Top of the 8th over - 7 run(s), 4 hit(s), 0 error(s), 2 left on base; Indianapolis HS 14 - Maris School 6
BOTTOM OF THE 8TH
Maris School batting - Pitching for Indianapolis HS Chaos : RHP Carl Pearson
Pitching: RHP Willis Ladner
Now in RF: Jack Gillespie
Batting: RHB Dave McGuire 0-0: Ball
1-0: Ball
2-0: Ball
3-0: Base on Balls
Batting: RHB Bruce Adams 0-0: Ball
1-0: Fly out, F9 (Popup, 4D)
Batting: RHB Zane Heath 0-0: Ball
1-0: Called Strike
1-1: Foul Ball, location: 2F
1-2: Strikes out swinging
Batting: LHB Dustin Wesman 0-0: Foul Ball, location: 2F
0-1: Foul Ball, location: 2F
0-2: Fly out, F7 (Flyball, 7M)
Bottom of the 8th over - 0 run(s), 0 hit(s), 0 error(s), 1 left on base; Indianapolis HS 14 - Maris School 6
TOP OF THE 9TH
Indianapolis HS Chaos batting - Pitching for Maris School : RHP Gabriel Mills
Batting: LHB Ben Donaldson 0-0: Foul Ball, location: 2F
0-1: Ball
1-1: Ball
2-1: Ball
3-1: Swinging Strike
3-2: Strikes out swinging
Batting: RHB Curt David 0-0: Called Strike
0-1: Foul Ball, location: 2F
0-2: Fly out, F8 (Flyball, 8LM)
Batting: RHB Robert Blanchard 0-0: Swinging Strike
0-1: Foul Ball, location: 2F
0-2: Ground out 6-3 (Groundball, 6M)
Top of the 9th over - 0 run(s), 0 hit(s), 0 error(s), 0 left on base; Indianapolis HS 14 - Maris School 6
BOTTOM OF THE 9TH
Maris School batting - Pitching for Indianapolis HS Chaos : RHP Willis Ladner
Now at 1B: Danny Giles
Now at 2B: Michael Hastings
Batting: RHB Ed Jackson 0-0: Foul Ball, location: 2F
0-1: Called Strike
0-2: Fly out, F6 (Line Drive, 6)
Batting: LHB Ryan Martin 0-0: Ball
1-0: SINGLE (Line Drive, 9S)
Batting: RHB Doug Carter 0-0: Swinging Strike
0-1: Foul Ball, location: 2F
0-2: Strikes out swinging
Batting: RHB Dan Duckworth 0-0: Ball
1-0: Fly out, F7 (Flyball, 7LM)
Bottom of the 9th over - 0 run(s), 1 hit(s), 0 error(s), 1 left on base; Indianapolis HS 14 - Maris School 6
Monday, December 5th, 2016 - OOTP Baseball 17.12 Build 75